3AA
OTTAWA NATIONALS @ ATHLETIC CLUB KC ACADEMY
08/21/2037
 
TOP OF THE 1ST
Ottawa Nationals batting - Pitching for Athletic Club KC Academy : RHP Kullervo Hostikka
Pitching: RHP Kullervo Hostikka
Batting: SHB Júlio Moreno 0-0: Called Strike
0-1: Swinging Strike
0-2: Strikes out looking
Pitching: LHP Justin Wright
Batting: LHB Freddy Campos 0-0: Swinging Strike
0-1: Ball
1-1: Called Strike
1-2: Strikes out swinging
Batting: RHB Jorge Ozezera 0-0: Called Strike
0-1: Ball
1-1: Swinging Strike
1-2: Ball
2-2: Strikes out looking
Top of the 1st over - 0 runs, 0 hits, 0 errors, 0 left on base; Ottawa 0 - Athletic Club KC Academy 0
BOTTOM OF THE 1ST
Athletic Club KC Academy batting - Pitching for Ottawa Nationals : RHP Jesús Castillo
Pitching: RHP Jesús Castillo
Batting: RHB Ali Ben Bongo 0-0: Called Strike
0-1: Ball
1-1: Ball
2-1: Ball
3-1: Foul Ball, location: 2F
3-2: DOUBLE (Popup, 4D, EV 60.0 MPH)
Batting: RHB Andy Roarick 0-0: Called Strike
0-1: Ball
1-1: Fly out, F8 (Flyball, 8RM, EV 85.0 MPH)
Batting: LHB León Guillén 0-0: Ball
1-0: Ball
2-0: Ball
3-0: Base on Balls
Batting: RHB Bobby McFillin 0-0: Ball
1-0: Ball
2-0: Ball
3-0: Base on Balls
Ali Ben Bongo to third
León Guillén to second
Batting: RHB Donald Guegan 0-0: Called Strike
0-1: Foul Ball, location: 2F
0-2: Ball
1-2: Ball
2-2: Foul Ball, location: 2F
2-2: Strikes out swinging
Batting: RHB Gabriel Camparán 0-0: Called Strike
0-1: DOUBLE (Line Drive, 9LS, EV 95.0 MPH)
Ali Ben Bongo scores
León Guillén scores
Bobby McFillin to third
Runner from 3rd tries for Home, SAFE, throw by RF to trailing runner, SAFE at third!
Batting: RHB Woody Thomas 0-0: Ball
1-0: Called Strike
1-1: SINGLE (Groundball, 34D, EV 98.1 MPH)
Gabriel Camparán scores
Batting: RHB David Lozano 0-0: Ball
1-0: Foul Ball, location: 2F
1-1: Ball
2-1: Foul Ball, location: 2F
2-2: Fly out, F8 (Line Drive, 8RD, EV 92.5 MPH)
Bottom of the 1st over - 4 runs, 3 hits, 0 errors, 1 left on base; Ottawa 0 - Athletic Club KC Academy 4
TOP OF THE 2ND
Ottawa Nationals batting - Pitching for Athletic Club KC Academy : LHP Justin Wright
Batting: LHB Tony Goodwin 0-0: Called Strike
0-1: Called Strike
0-2: Ball
1-2: Strikes out looking
Batting: RHB Sallvador Rebola 0-0: Swinging Strike
0-1: SINGLE (Groundball, 34D, EV 106.2 MPH)
Batting: RHB Cary Collins 0-0: Ball
1-0: Ball
2-0: Ball
3-0: Called Strike
3-1: Foul Ball, location: 2F
3-2: Base on Balls
Sallvador Rebola to second
Batting: RHB Cheh Zhi 0-0: Ball
1-0: Called Strike
1-1: Foul Ball, location: 2F
1-2: Ball
2-2: Reached on error, E2 (Groundball, 2L, EV 65.6 MPH)
Sallvador Rebola scores
Cary Collins to third
Batting: RHB Gary Goodwin 0-0: Called Strike
0-1: Ball
Wild Pitch!
Cary Collins scores
Cheh Zhi to third
1-1: Foul Ball, location: 2F
1-2: Foul Ball, location: 2F
1-2: Ball
2-2: Strikes out swinging
Batting: RHB Manuel Vroonland 0-0: Called Strike
0-1: Foul Ball, location: 2F
0-2: Strikes out swinging
Top of the 2nd over - 2 runs, 1 hit, 1 error, 1 left on base; Ottawa 2 - Athletic Club KC Academy 4
BOTTOM OF THE 2ND
Athletic Club KC Academy batting - Pitching for Ottawa Nationals : RHP Jesús Castillo
Batting: RHB Rodrigo Sousa 0-0: Called Strike
0-1: Fly out, F9 (Flyball, 9S, EV 93.8 MPH)
Batting: RHB Ali Ben Bongo 0-0: Foul Ball, location: 2F
0-1: Ball
1-1: Called Strike
1-2: Foul Ball, location: 2F
1-2: Ball
2-2: Ball
3-2: Fly out, F4 (Popup, 3D, EV 73.8 MPH)
Batting: RHB Andy Roarick 0-0: Ball
1-0: Called Strike
1-1: Swinging Strike
1-2: Ball
2-2: Ground out 4-3 (Groundball, 4, EV 91.9 MPH)
Bottom of the 2nd over - 0 runs, 0 hits, 0 errors, 0 left on base; Ottawa 2 - Athletic Club KC Academy 4
TOP OF THE 3RD
Ottawa Nationals batting - Pitching for Athletic Club KC Academy : LHP Justin Wright
Batting: SHB Júlio Moreno 0-0: Fly out, F9 (Flyball, 9LS, EV 91.9 MPH)
Batting: LHB Freddy Campos 0-0: Foul Ball, location: 2F
0-1: Ground out 5-3 (Groundball, 56, EV 85.6 MPH)
Batting: RHB Jorge Ozezera 0-0: Foul Ball, location: 2F
0-1: Swinging Strike
0-2: Strikes out looking
Top of the 3rd over - 0 runs, 0 hits, 0 errors, 0 left on base; Ottawa 2 - Athletic Club KC Academy 4
BOTTOM OF THE 3RD
Athletic Club KC Academy batting - Pitching for Ottawa Nationals : RHP Jesús Castillo
Batting: LHB León Guillén 0-0: Ball
1-0: SINGLE (Groundball, 4MD, EV 95.6 MPH)
Batting: RHB Bobby McFillin 0-0: Fly out, F8 (Line Drive, 8LD, EV 101.2 MPH)
Batting: RHB Donald Guegan 0-0: Ball
1-0: Foul Ball, location: 2F
1-1: Ball
2-1: Foul Ball, location: 2F
2-2: Ball
Wild Pitch!
León Guillén to second
3-2: Fly out, F8 (Flyball, 89M, EV 89.4 MPH)
Batting: RHB Gabriel Camparán 0-0: Foul Ball, location: 2F
0-1: Called Strike
0-2: Foul Ball, location: 2F
0-2: Foul Ball, location: 2F
0-2: Foul Ball, location: 2F
0-2: Ball
1-2: Foul Ball, location: 2F
1-2: Fly out, F9 (Flyball, 9S, EV 86.9 MPH)
Bottom of the 3rd over - 0 runs, 1 hit, 0 errors, 1 left on base; Ottawa 2 - Athletic Club KC Academy 4
TOP OF THE 4TH
Ottawa Nationals batting - Pitching for Athletic Club KC Academy : LHP Justin Wright
Batting: LHB Tony Goodwin 0-0: Foul Ball, location: 2F
0-1: Foul Ball, location: 2F
0-2: Ball
1-2: Strikes out swinging
Batting: RHB Sallvador Rebola 0-0: Ball
1-0: Ground out 3-1 (Groundball, 34, EV 101.2 MPH)
Batting: RHB Cary Collins 0-0: Ball
1-0: Ground out 6-3 (Groundball, 6, EV 86.2 MPH)
Top of the 4th over - 0 runs, 0 hits, 0 errors, 0 left on base; Ottawa 2 - Athletic Club KC Academy 4
BOTTOM OF THE 4TH
Athletic Club KC Academy batting - Pitching for Ottawa Nationals : RHP Jesús Castillo
Batting: RHB Woody Thomas 0-0: Called Strike
0-1: Ball
1-1: Ball
2-1: SINGLE (Line Drive, 9S, EV 103.8 MPH)
Batting: RHB David Lozano 0-0: Called Strike
0-1: Grounds into double play, 5-4-3 (Groundball, 5, EV 91.2 MPH)
Pitching: LHP Gerald Roberts
Batting: RHB Rodrigo Sousa 0-0: Foul Ball, location: 2F
0-1: Foul Ball, location: 2F
0-2: Ball
1-2: Foul Ball, location: 2F
1-2: Strikes out looking
Bottom of the 4th over - 0 runs, 1 hit, 0 errors, 0 left on base; Ottawa 2 - Athletic Club KC Academy 4
TOP OF THE 5TH
Ottawa Nationals batting - Pitching for Athletic Club KC Academy : LHP Justin Wright
Batting: RHB Cheh Zhi 0-0: Called Strike
0-1: Ball
1-1: Fly out, F9 (Flyball, 89M, EV 88.1 MPH)
Batting: RHB Gary Goodwin 0-0: Swinging Strike
0-1: Ball
1-1: Ball
2-1: SINGLE (Line Drive, 5D, EV 93.8 MPH)
Pitching: LHP Chris Brock
Batting: RHB Manuel Vroonland 0-0: Ball
1-0: Foul Ball, location: 2F
1-1: Ball
2-1: Foul Ball, location: 2F
2-2: Strikes out swinging
Batting: SHB Júlio Moreno 0-0: Called Strike
0-1: Ball
1-1: Ball
2-1: SINGLE (Flyball, 7LS, EV 96.9 MPH)
Gary Goodwin to second
Batting: LHB Freddy Campos 0-0: Called Strike
0-1: Called Strike
0-2: Strikes out swinging
Top of the 5th over - 0 runs, 2 hits, 0 errors, 2 left on base; Ottawa 2 - Athletic Club KC Academy 4
BOTTOM OF THE 5TH
Athletic Club KC Academy batting - Pitching for Ottawa Nationals : LHP Gerald Roberts
Batting: RHB Ali Ben Bongo 0-0: Ball
1-0: Foul Ball, location: 2F
1-1: Ball
2-1: Ball
3-1: Base on Balls
Batting: RHB Andy Roarick 0-0: Ball
1-0: Fly out, F9 (Flyball, 9LM, EV 84.4 MPH)
Batting: LHB León Guillén 0-0: Called Strike
0-1: Ball
1-1: Fly out, F7 (Flyball, 7S, EV 90.0 MPH)
Batting: RHB Bobby McFillin 0-0: Ball
1-0: SINGLE (Groundball, 6, EV 87.5 MPH) (infield hit)
Ali Ben Bongo to second
Batting: RHB Donald Guegan 0-0: Fly out, F8 (Flyball, 8RS, EV 84.4 MPH)
Bottom of the 5th over - 0 runs, 1 hit, 0 errors, 2 left on base; Ottawa 2 - Athletic Club KC Academy 4
TOP OF THE 6TH
Ottawa Nationals batting - Pitching for Athletic Club KC Academy : LHP Chris Brock
Batting: RHB Jorge Ozezera 0-0: Ball
1-0: Ball
2-0: Called Strike
2-1: Called Strike
2-2: Ground out 6-3 (Groundball, 6M, EV 101.2 MPH)
Batting: LHB Tony Goodwin 0-0: Ground out 3-1 (Groundball, 34, EV 103.8 MPH)
Batting: RHB Sallvador Rebola 0-0: Called Strike
0-1: Ball
1-1: Foul Ball, location: 2F
1-2: Foul Ball, location: 2F
1-2: SINGLE (Groundball, 6MD, EV 96.2 MPH)
Batting: RHB Cary Collins 0-0: Ball
1-0: Ball
2-0: Foul Ball, location: 2F
2-1: Swinging Strike
2-2: Foul Ball, location: 2F
2-2: Ball
3-2: Base on Balls
Sallvador Rebola to second
Batting: RHB Cheh Zhi 0-0: Called Strike
0-1: Ball
1-1: Ball
2-1: Called Strike
2-2: Ball
3-2: Base on Balls
Sallvador Rebola to third
Cary Collins to second
Batting: RHB Gary Goodwin 0-0: Ball
1-0: Called Strike
1-1: Foul Ball, location: 2F
1-2: Foul Ball, location: 2F
1-2: Ground out 1-3 (Groundball, 15S, EV 66.2 MPH)
Top of the 6th over - 0 runs, 1 hit, 0 errors, 3 left on base; Ottawa 2 - Athletic Club KC Academy 4
BOTTOM OF THE 6TH
Athletic Club KC Academy batting - Pitching for Ottawa Nationals : LHP Gerald Roberts
Batting: RHB Gabriel Camparán 0-0: Called Strike
0-1: Called Strike
0-2: Ball
1-2: Ball
2-2: Foul Ball, location: 2F
2-2: Ball
3-2: Foul Ball, location: 2F
3-2: Base on Balls
Batting: RHB Woody Thomas 0-0: Ball
1-0: Ball
2-0: Called Strike
2-1: Swinging Strike
2-2: Ball
3-2: SINGLE (Line Drive, 56D, EV 100.6 MPH)
Gabriel Camparán to second
Batting: RHB David Lozano 0-0: Ball
1-0: Fly out, F8 (Flyball, 8LM, EV 85.6 MPH)
Batting: RHB Rodrigo Sousa 0-0: Called Strike
0-1: Foul Ball, location: 2F
0-2: Foul Ball, location: 2F
0-2: Foul Ball, location: 2F
0-2: Ball
1-2: Grounds into double play, 6-4-3 (Groundball, 6S, EV 85.0 MPH)
Bottom of the 6th over - 0 runs, 1 hit, 0 errors, 1 left on base; Ottawa 2 - Athletic Club KC Academy 4
TOP OF THE 7TH
Ottawa Nationals batting - Pitching for Athletic Club KC Academy : LHP Chris Brock
Batting: RHB Manuel Vroonland 0-0: Ball
1-0: Ball
2-0: SOLO HOME RUN (Flyball, 7LD, EV 101.2 MPH), Distance : 331 ft
Pitching: RHP Vaughan Jones
Batting: SHB Júlio Moreno 0-0: Ball
1-0: Called Strike
1-1: Hit by Pitch
Batting: LHB Freddy Campos 0-0: Ball
1-0: Sac Bunt to 25 - play at first, batter OUT! 5-4
Júlio Moreno to second
Batting: RHB Jorge Ozezera 0-0: Ball
1-0: Ball
2-0: Foul Ball, location: 2F
2-1: Foul Ball, location: 2F
2-2: Strikes out looking
Batting: LHB Tony Goodwin 0-0: Called Strike
0-1: Ball
1-1: Called Strike
1-2: Ball
2-2: Ball
3-2: Base on Balls
Batting: RHB Sallvador Rebola 0-0: Called Strike
0-1: Ball
1-1: Fly out, F7 (Flyball, 78XD, EV 109.4 MPH)
Top of the 7th over - 1 run, 1 hit, 0 errors, 2 left on base; Ottawa 3 - Athletic Club KC Academy 4
BOTTOM OF THE 7TH
Athletic Club KC Academy batting - Pitching for Ottawa Nationals : LHP Gerald Roberts
Batting: RHB Ali Ben Bongo 0-0: Ball
1-0: Ball
2-0: Foul Ball, location: 2F
2-1: Foul Ball, location: 2F
2-2: Fly out, F8 (Flyball, 89D, EV 108.1 MPH)
Batting: RHB Andy Roarick 0-0: Ball
1-0: Foul Ball, location: 2F
1-1: SINGLE (Flyball, 78S, EV 90.0 MPH)
Pitching: RHP Jesús Lara
Batting: LHB León Guillén 0-0: Ball
1-0: Foul Ball, location: 2F
1-1: Called Strike
1-2: Ball
2-2: Strikes out swinging
Batting: RHB Bobby McFillin 0-0: Ball
1-0: SINGLE (Groundball, 56D, EV 107.5 MPH)
Andy Roarick to second
Batting: RHB Donald Guegan 0-0: Ball
1-0: Foul Ball, location: 2F
1-1: Foul Ball, location: 2F
1-2: Ball
2-2: Ball
3-2: Foul Ball, location: 2F
3-2: Foul Ball, location: 2F
3-2: Foul Ball, location: 2F
3-2: Strikes out swinging
Bottom of the 7th over - 0 runs, 2 hits, 0 errors, 2 left on base; Ottawa 3 - Athletic Club KC Academy 4
TOP OF THE 8TH
Ottawa Nationals batting - Pitching for Athletic Club KC Academy : RHP Vaughan Jones
Now at 3B: Oriol Fernández
Now in LF: Gabriel Martínez
Batting: RHB Cary Collins 0-0: Ball
1-0: Called Strike
1-1: Foul Ball, location: 2F
1-2: Hit by Pitch
Batting: RHB Cheh Zhi 0-0: Called Strike
0-1: Ball
1-1: Sac Bunt to 5S - play at first, batter OUT! 5-4
Cary Collins to second
Batting: RHB Gary Goodwin 0-0: Ball
1-0: Ball
2-0: Ball
3-0: Called Strike
3-1: Base on Balls
Pitching: LHP Andrei-Luiz Filoteo
Batting: RHB Manuel Vroonland 0-0: Ball
1-0: Called Strike
1-1: Ball
2-1: Ball
3-1: Foul Ball, location: 2F
3-2: Foul Ball, location: 2F
3-2: Fly out, F3 (Popup, 34, EV 75.6 MPH)
Batting: SHB Júlio Moreno 0-0: Foul Ball, location: 2F
0-1: Ground out 1-3 (Groundball, 23, EV 66.2 MPH)
Top of the 8th over - 0 runs, 0 hits, 0 errors, 2 left on base; Ottawa 3 - Athletic Club KC Academy 4
BOTTOM OF THE 8TH
Athletic Club KC Academy batting - Pitching for Ottawa Nationals : RHP Jesús Lara
Batting: RHB Gabriel Camparán 0-0: Ball
1-0: Ball
2-0: Ball
3-0: Base on Balls
Batting: RHB Woody Thomas 0-0: Swinging Strike
0-1: Foul Ball, location: 2F
0-2: Ball
1-2: Ball
2-2: SINGLE (Groundball, 4MD, EV 110.0 MPH)
Gabriel Camparán to second
Batting: RHB David Lozano 0-0: Grounds into double play, 6-4-3 (Groundball, 6, EV 83.8 MPH)
Gabriel Camparán to third
Batting: RHB Rodrigo Sousa 0-0: Called Strike
0-1: Ball
1-1: Foul Ball, location: 2F
1-2: Reached on error, E5 (Groundball, 56, EV 101.2 MPH)
Gabriel Camparán scores
Batting: RHB Ali Ben Bongo 0-0: Ball
1-0: Called Strike
1-1: Fly out, F4 (Popup, 4S, EV 78.8 MPH)
Bottom of the 8th over - 1 run, 1 hit, 1 error, 1 left on base; Ottawa 3 - Athletic Club KC Academy 5
TOP OF THE 9TH
Ottawa Nationals batting - Pitching for Athletic Club KC Academy : LHP Andrei-Luiz Filoteo
Pitching: LHP Indigo Diaz
Batting: LHB Freddy Campos 0-0: Foul Ball, location: 2F
0-1: Ball
1-1: Ball
2-1: Ball
3-1: Base on Balls
Batting: RHB Jorge Ozezera 0-0: Called Strike
0-1: Ball
1-1: Called Strike
1-2: Foul Ball, location: 2F
1-2: Foul Ball, location: 2F
1-2: Foul Ball, location: 2F
1-2: Foul Ball, location: 2F
1-2: DOUBLE (Line Drive, 89D, EV 107.5 MPH)
Freddy Campos to third
Pinch Hitting: RHB Glenn Curtis 0-0: Ball
1-0: Called Strike
1-1: Ball
2-1: Foul Ball, location: 2F
2-2: Ground out 4-3 (Groundball, 4, EV 93.1 MPH)
Freddy Campos scores
Jorge Ozezera to third
Batting: RHB Sallvador Rebola 0-0: Ball
1-0: Called Strike
1-1: Ball
2-1: Fly out, F8 (Flyball, 8RS, EV 88.8 MPH)
Runner from 3rd tags up, SCORES, throw by CF
Batting: RHB Cary Collins 0-0: Ball
1-0: Called Strike
1-1: Ball
2-1: Ball
3-1: Base on Balls
Batting: RHB Cheh Zhi 0-0: Ball
1-0: SINGLE (Groundball, 56D, EV 106.2 MPH)
Cary Collins to second
Batting: RHB Gary Goodwin 0-0: Ball
1-0: Called Strike
1-1: Called Strike
1-2: Foul Ball, location: 2F
1-2: Ball
2-2: SINGLE (Groundball, 6MD, EV 106.2 MPH)
Cary Collins to third
Cheh Zhi to second
Runner from 3rd tries for Home, throw by CF and OUT! 8-2
Top of the 9th over - 2 runs, 3 hits, 0 errors, 2 left on base; Ottawa 5 - Athletic Club KC Academy 5
BOTTOM OF THE 9TH
Athletic Club KC Academy batting - Pitching for Ottawa Nationals : RHP Jesús Lara
Now in CF: Richard Clemmet
Pinch Hitting: LHB Luis Miguel González 0-0: Ball
1-0: Called Strike
1-1: Swinging Strike
1-2: SOLO HOME RUN (Flyball, 9LD, EV 93.1 MPH), Distance : 345 ft
Thursday, January 23rd, 2020 - OOTP Baseball 20.8 Build 74